 Dungeon Crawl Stone Soup version 0.23-a0-322-g02c3efa (webtiles) character file.

1710 Atlas the Thaumaturge (level 8, -1/54 HPs)
             Began as a Mummy Necromancer on Oct 15, 2018.
             Was an Initiate of Gozag.
             Shot with an arrow by a centaur (12 damage)
             ... on level 6 of the Dungeon.
             The game lasted 00:11:28 (7177 turns).

Atlas the Thaumaturge (Mummy Necromancer)           Turns: 7177, Time: 00:11:28

Health: -1/54      AC:  6    Str: 11    XL:     8   Next: 74%
Magic:  20/20      EV: 11    Int: 20    God:    Gozag
Gold:   303        SH:  0    Dex: 12    Spells: 20/24 levels left

rFire    x . .     SeeInvis .   p - +11 rapier of Cheibriados {flame, +Inv MP-9 Int+3}
rCold    + . .     Gourm    .   (no shield)
rNeg     + + +     Faith    .   c - +0 ring mail
rPois    ∞         Spirit   .   (no helmet)
rElec    .         Reflect  .   e - scarf {cloud immunity}
rCorr    .         Harm     .   i - +0 pair of gloves
MR       +....                  (no boots)
Stlth    +.........             (no amulet)
HPRegen  0.18/turn              n - ring of magical power
MPRegen  0.17/turn              (no ring)

@: no status effects
A: no food or potions, fire vulnerability, cold resistance 1, negative energy
resistance 3, torment resistance, unbreathing
a: Potion Petition, Call Merchant, Bribe Branch, Renounce Religion, Evoke
Invisibility


You were on level 6 of the Dungeon.
You worshipped Gozag.
Gozag was aware of your devotion.
You were not hungry.

You visited 2 branches of the dungeon, and saw 7 of its levels.

You collected 358 gold pieces.
You paid 55 gold pieces to Gozag.

Inventory:

Hand Weapons
 p - the +11 rapier of Cheibriados (weapon) {flame, +Inv MP-9 Int+3}
   (You found it on level 5 of the Dungeon)

   It has been specially enchanted to burn those struck by it, causing extra
   injury to most foes and up to half again as much damage against particularly
   susceptible opponents.
   It affects your intelligence (+3).
   It affects your magic capacity (-9).
   It lets you turn invisible.
Armour
 c - a +0 ring mail (worn)
 e - a scarf of cloud immunity (worn)
 i - a +0 pair of gloves (worn)
Jewellery
 n - a ring of magical power (left hand)
Wands
 m - a wand of paralysis (6)
Scrolls
 a - a scroll of enchant armour
 b - a scroll of immolation
 d - 3 scrolls of remove curse
 f - 2 scrolls of identify
 g - a scroll of magic mapping
 h - 4 scrolls of enchant weapon
 k - 3 scrolls of fog
 o - 2 scrolls of amnesia


   Skills:
 + Level 1.4 Fighting
 + Level 1.8 Short Blades
 + Level 3.3 Armour
 + Level 2.3 Dodging
 + Level 2.0 Stealth
 + Level 0.7 Unarmed Combat
 + Level 8.5 Spellcasting
 + Level 7.7 Necromancy


You had 20 spell levels left.
You knew the following spells:

 Your Spells              Type           Power        Failure   Level  Hunger
a - Pain                  Necr           ####         1%          1    N/A
c - Vampiric Draining     Necr           #####.....   2%          3    N/A

Your spell library contained the following spells:

 Spells                   Type           Power        Failure   Level  Hunger
 Animate Skeleton         Necr           N/A          1%          1    N/A
 Animate Dead             Necr           N/A          8%          4    N/A
 Sticks to Snakes         Tmut           #.......     28%         2    N/A
 Regeneration             Chrm/Necr      Unusable     N/A         3    N/A
 Beastly Appendage        Tmut           Unusable     N/A         1    N/A
 Spider Form              Tmut/Pois      Unusable     N/A         3    N/A
 Ice Form                 Ice/Tmut       Unusable     N/A         4    N/A
 Blade Hands              Tmut           Unusable     N/A         5    N/A

Dungeon Overview and Level Annotations

Branches:
Dungeon (6/15)             Temple (1/1) D:5

Altars:
Ashenzari
Cheibriados
Gozag
Hepliaklqana
Kikubaaqudgha
Makhleb
Nemelex Xobeh
Okawaru
Qazlal
Trog
Uskayaw
Vehumet
Wu Jian
Xom
Yredelemnul
Zin
The Shining One

Shops:
D:4 *

Annotations:
D:4 Avernum's ghost, amateur GnWz


Innate Abilities, Weirdness & Mutations

You do not eat or drink.
Your flesh is vulnerable to fire.
You are immune to poison.
Your flesh is cold resistant. (rC+)
You are immune to negative energy. (rN+++)
You are immune to unholy pain and torment.
You can survive without breathing.


Message History

The arrow hits you.
Found 10 gold pieces and a grey potion.
A centaur is nearby!
The centaur shoots an arrow.
The arrow hits you!
You see here an arrow.
The centaur shoots an arrow.
The arrow hits you.
The centaur shoots an arrow.
The arrow hits you!
You see here 2 arrows.
You are too injured to fight recklessly!
You are too injured to fight recklessly!
You are too injured to fight recklessly!
The centaur shoots an arrow.
The arrow barely misses you.
The centaur shoots an arrow.
The arrow hits you!
* * * LOW HITPOINT WARNING * * *
You see here an arrow.
The centaur shoots an arrow.
The arrow hits you.
* * * LOW HITPOINT WARNING * * *
The centaur shoots an arrow.
The arrow hits you!
You die...
Your body crumbles into a pile of gold.

####### ##.....##
##.......##
#.........#
#.$..c..!.#
#.........#
#...@.....# ###
#...(.....# #..
#.........# #..
#...(.....# #..
#...(.....# #..
#######.........#
##..
#.....(.........#
#...
#.######)......##
#... #.#
##<(...## #..)


You could see a centaur.

Vanquished Creatures
  Menkaure (D:5)
  An orc warrior (D:6)
  2 ice beasts (D:5)
  An ogre (D:6)
  2 big kobolds (D:4)
  Blork the orc (D:4)
  A scorpion (D:3)
  4 wights (D:6)
  A crimson imp (D:5)
  A hound (D:5)
  4 orc priests
  5 orc wizards
  2 iguanas
  Natasha (thrice) (D:4)
  3 worker ants
  A hound zombie (D:5)
  A hound skeleton (D:3)
  5 adders
  2 gnolls
  An ooze (D:5)
  A worm (D:4)
  A dart slug (D:2)
  5 leopard geckos
  18 orcs
  6 bats
  7 giant cockroaches
  12 goblins
  3 hobgoblins
  2 jackals (D:4)
  2 quokkas (D:3)
  A ball python (D:1)
  6 frilled lizards
  A jackal skeleton (D:5)
  9 kobolds
  A leopard gecko skeleton (D:4)
  7 rats
124 creatures vanquished.

Vanquished Creatures (others)
  A hornet zombie (D:5)
1 creature vanquished.

Grand Total: 125 creatures vanquished

Notes
Turn   | Place    | Note
-------+----------+-------------------------------------------
     0 | D:1      | Atlas the Mummy Necromancer began the quest for the Orb.
     0 | D:1      | Reached XP level 1. HP: 13/13 MP: 4/4
   283 | D:1      | Reached XP level 2. HP: 19/19 MP: 2/5
   574 | D:1      | Reached skill level 3 in Spellcasting
   916 | D:1      | Reached XP level 3. HP: 13/24 MP: 1/7
   921 | D:1      | Learned a level 3 spell: Vampiric Draining
  1518 | D:2      | Reached skill level 4 in Spellcasting
  1809 | D:3      | Reached XP level 4. HP: 30/30 MP: 6/10
  1919 | D:3      | HP: 1/30 [orc wizard/magic dart (4)]
  2055 | D:3      | Reached skill level 5 in Necromancy
  2296 | D:3      | Reached XP level 5. HP: 19/35 MP: 7/11
  2700 | D:3      | Found a faded altar of an unknown god.
  2825 | D:4      | Noticed a phantom
  2981 | D:4      | Found Sezamp's Assorted Antiques.
  3023 | D:4      | Noticed Blork the orc
  3046 | D:4      | Killed Blork the orc
  3046 | D:4      | Reached XP level 6. HP: 21/42 MP: 0/13
  3386 | D:4      | Noticed Natasha
  3392 | D:4      | Killed Natasha
  3392 | D:4      | Reached skill level 1 in Armour
  3392 | D:4      | Reached skill level 5 in Spellcasting
  3953 | D:4      | Found a runed gate.
  3954 | D:4      | Found a runed gate.
  3955 | D:4      | Found a runed gate.
  3955 | D:4      | Noticed Avernum's ghost (amateur GnWz)
  3991 | D:4      | Reached XP level 7. HP: 19/47 MP: 0/15
  4458 | D:4      | Noticed Natasha
  4464 | D:4      | Killed Natasha
  4539 | D:4      | Noticed Natasha
  4543 | D:4      | Killed Natasha
  4681 | D:5      | Entered Level 5 of the Dungeon
  4827 | D:5      | Noticed Menkaure
  4844 | D:5      | Killed Menkaure
  4844 | D:5      | Reached skill level 6 in Spellcasting
  5146 | D:5      | Reached skill level 7 in Spellcasting
  5315 | D:5      | Reached skill level 1 in Fighting
  5315 | D:5      | Reached skill level 1 in Short Blades
  5315 | D:5      | Reached XP level 8. HP: 54/54 MP: 15/19
  5317 | D:5      | Found a staircase to the Ecumenical Temple.
  5328 | Temple   | Entered the Ecumenical Temple
  5363 | Temple   | Became a worshipper of Gozag Ym Sagoz the Greedy
  5653 | D:5      | Got a slimy rapier
  5654 | D:5      | Identified the +11 rapier of Cheibriados {flame, +Inv MP-9
                  | Int+3} (You found it on level 5 of the Dungeon)
  6002 | D:6      | Reached skill level 8 in Spellcasting
  7177 | D:6      | Shot with an arrow by a centaur

Vault maps used:
D:1:      mrwooster_arrival_statue_2
D:3:      chequers_ecumenical_altar_simple
D:4:      kennysheep_the_goblin_king, serial_shops,
          nicolae_shop_temple_entry_statues_fountains,
          gammafunk_ghost_nasty_kobolds, uniq_blork_the_orc, uniq_natasha
D:5:      minmay_temple_entry_water_ring, first_ration, uniq_menkaure
D:6:      lemuel_ratsnest, serial_park_tiny_1, kennysheep_small_spiral
Temple:   grunt_wide_crystal_templ

Skill      XL: |  1  2  3  4  5  6  7  8 |
---------------+-------------------------+-----
Spellcasting   | 3 4 5 7 8 |  8.5
Necromancy     | 5 6 7 |  7.7
Dodging        | 2 |  2.3
Armour         | 2 3 |  3.3
Fighting       | 1 |  1.4
Short Blades   | 1 |  1.8
Stealth        | 2 |  2.0
Unarmed Combat | |  0.7

Action                   |  1- 3 |  4- 6 |  7- 9 || total
-------------------------+-------+-------+-------++-------
Melee: Unarmed           |    19 |    33 |       ||    52
       Dagger            |       |    49 |    60 ||   109
       Punch             |       |       |     1 ||     1
       Rapier            |       |       |    34 ||    34
 Cast: Pain              |    71 |    84 |    66 ||   221
       Vampiric Draining |       |    14 |    13 ||    27
  Use: Scroll            |       |     4 |     6 ||    10
Armor: Robe              |     3 |       |       ||     3
       Ring mail         |    22 |    67 |    35 ||   124
Dodge: Dodged            |    31 |    81 |    73 ||   185

Table legend:
 A = Non-vault XP
 B = Vault XP
 C = Vault XP percentage of total XP
 D = Non-vault monster count
 E = Vault monster count
 F = Vault count percentage of total count
                 A         B        C        D         E       F
            +---------+---------+-------+---------+---------+-------
      Total |    1927 |     516 |  21.1 |     108 |      17 |  13.6
            +---------+---------+-------+---------+---------+-------
        D:1 |      48 |       0 |   0.0 |      23 |       0 |   0.0
        D:2 |      55 |       0 |   0.0 |      16 |       0 |   0.0
        D:3 |     168 |       0 |   0.0 |      14 |       0 |   0.0
        D:4 |     246 |     344 |  58.3 |      17 |      16 |  48.5
        D:5 |     713 |     172 |  19.4 |      20 |       1 |   4.8
        D:6 |     697 |       0 |   0.0 |      18 |       0 |   0.0
            +---------+---------+-------+---------+---------+-------
